 Dungeon Crawl Stone Soup version 0.19-b1-3-g7dea586 (webtiles) character file.

86 lorenzova the Sneak (level 4, 0/21 HPs)
             Began as a Spriggan Enchanter on Oct 30, 2016.
             Shot with a sling bullet by a hobgoblin (5 damage)
             ... on level 3 of the Dungeon.
             The game lasted 00:05:39 (3261 turns).

lorenzova the Sneak (Spriggan Enchanter)            Turns: 3261, Time: 00:05:40

Health: 0/21       AC:  3    Str:  4    XL:     4   Next: 26%
Magic:  1/10       EV: 17    Int: 16    God:
Gold:   167        SH:  7    Dex: 17    Spells: 3 memorised, 4 levels left

rFire  . . .     SeeInvis +     a - +1 dagger
rCold  . . .     Gourm    .     b - +1 robe
rNeg   . . .     Faith    .     o - +2 buckler
rPois  .         Spirit   .     n - +0 hat
rElec  .         Reflect  .     (no cloak)
rCorr  +         Harm     .     (gloves unavailable)
MR     .....                    (boots unavailable)
Stlth  +++.......               (no amulet)
                                (no ring)
                                s - ring of resist corrosion

@: very slightly contaminated, very quick
A: unfitting armour, see invisible, herbivore 3, speed 3, slow metabolism 2
a: no special abilities


You were on level 3 of the Dungeon.
You were near starving.

You visited 1 branch of the dungeon, and saw 3 of its levels.

You collected 167 gold pieces.

Inventory:

Hand Weapons
 a - a +1 dagger (weapon)
Armour
 b - a +1 robe (worn)
 n - a +0 hat (worn)
 o - a +2 buckler (worn)
Jewellery
 s - a ring of resist corrosion (left hand)
Scrolls
 f - a scroll of fog {unknown}
 g - 2 scrolls of enchant weapon {unknown}
 h - a scroll of blinking {unknown}
 i - a scroll of teleportation {unknown}
 j - 4 scrolls of identify
 k - 2 scrolls of enchant armour {unknown}
 l - a scroll of recharging {unknown}
Potions
 e - a potion of lignification {unknown}
 m - a potion of heal wounds {unknown}
 q - a potion of ambrosia {unknown}
 r - a potion of brilliance {unknown}
Books
 c - a book of Maledictions

   Spells                             Type                      Level
   a - Corona                         Hexes                        1
   b - Ensorcelled Hibernation        Hexes/Ice                    2
   c - Confuse                        Hexes                        3
   d - Tukima's Dance                 Hexes                        3
   e - Dazzling Spray                 Conjuration/Hexes            3
 p - a book of Necromancy

   Spells                             Type                      Level
   a - Pain                           Necromancy                   1
   b - Animate Skeleton               Necromancy                   1
   c - Vampiric Draining              Necromancy                   3
   d - Regeneration                   Charms/Necromancy            3
   e - Animate Dead                   Necromancy                   4
   f - Control Undead                 Necromancy                   4
Comestibles
 d - a bread ration


   Skills:
 - Level 1.1 Short Blades
 - Level 3.0 Dodging
 + Level 5.9 Stealth
 + Level 3.8 Spellcasting
 + Level 4.6 Hexes


You had 4 spell levels left.
You knew the following spells:

 Your Spells              Type           Power        Failure   Level  Hunger
a - Corona                Hex            ###....      4%          1    None
b - Ensorcelled Hibernat  Hex/Ice        ##....       21%         2    ##.....
c - Confuse               Hex            ###.....     14%         3    ###....


Dungeon Overview and Level Annotations

Branches:
Dungeon (3/15)

Altars:
Qazlal
Uskayaw


Innate Abilities, Weirdness & Mutations

You are very small and have problems with some larger weapons.
You are too small for most types of armour.
You have supernaturally acute eyesight. (SInv)
You are a herbivore.
You cover ground extremely quickly.
You need consume almost no food.


Message History

Casting: Confuse
Confirm with . or Enter, or press ? or * to list all spells.
Aiming: Confuse
Press: ? - help, Shift-Dir - straight line, f/p - hobgoblin
Aim: a hobgoblin, wielding a hunting sling (chance to defeat MR: 65%)
The hobgoblin struggles to resist.
The hobgoblin shoots a sling bullet.
The sling bullet misses you.
Casting: Confuse
Confirm with . or Enter, or press ? or * to list all spells.
Aiming: Confuse
Press: ? - help, Shift-Dir - straight line, f/p - hobgoblin
Aim: a hobgoblin, wielding a hunting sling (chance to defeat MR: 65%)
You miscast Confuse.
You feel a bit tired.
The hobgoblin shoots a sling bullet.
You block the sling bullet.
Casting: Confuse
Confirm with . or Enter, or press ? or * to list all spells.
You don't have enough magic to cast that spell.
A hobgoblin is nearby!
The hobgoblin shoots a sling bullet.
The sling bullet hits you.
You die...

......# #....# ......+
#....#
(.(...#########....#####
###.g........#....(.#...
#....†.....'......'..
#..........#......#
......#########....##
......+ #.(..# ......#
#.@..#
################''##########
≈≈≈≈≈≈≈≈≈≈≈≈≈≈≈g(..≈≈≈≈≈≈≈≈≈
≈≈≈≈≈≈≈≈≈≈≈≈≈≈.....≈≈≈≈≈≈≈≈≈
≈≈≈≈≈≈≈≈≈≈)≈≈≈≈....≈≈≈≈≈≈≈≈≈
≈≈..≈.≈≈≈≈≈≈≈≈≈....≈≈≈≈≈≈..≈
.......((....((..(..........
......(((.....(.....(.......
##.)##############..........


You could see a hobgoblin.

Vanquished Creatures
  4 adders
  An ooze (D:2)
  A worm (D:2)
  2 dart slugs
  A leopard gecko (D:2)
  2 ball pythons (D:1)
  3 giant cockroaches (D:2)
  4 goblins
  5 hobgoblins
  A quokka (D:3)
  5 bats
  3 frilled lizards (D:2)
  5 kobolds
  3 rats
40 creatures vanquished.

Notes
Turn   | Place    | Note
-------+----------+-------------------------------------------
     0 | D:1      | lorenzova the Spriggan Enchanter began the quest for the Orb.
     0 | D:1      | Reached XP level 1. HP: 9/9 MP: 5/5
   574 | D:1      | Reached XP level 2. HP: 4/13 MP: 6/6
   885 | D:1      | Learned a level 2 spell: Ensorcelled Hibernation
  1619 | D:2      | Reached skill level 5 in Stealth
  1791 | D:2      | Found a hide-covered altar of Uskayaw.
  1801 | D:2      | Reached XP level 3. HP: 16/16 MP: 8/8
  1806 | D:2      | Learned a level 3 spell: Confuse
  1976 | D:2      | Found a stormy altar of Qazlal.
  2687 | D:2      | Reached XP level 4. HP: 21/21 MP: 10/10
  3261 | D:3      | Shot with a sling bullet by a hobgoblin

Skill      XL: |  1  2 |
---------------+-------+-----
Hexes          | 4 |  4.6
Stealth        | 5 |  5.9
Spellcasting   | 3 |  3.8
Short Blades   | |  1.1
Dodging        | |  3.0

Action                   |  1- 3 |  4- 6 || total
-------------------------+-------+-------++-------
Melee: Dagger            |   151 |    37 ||   188
 Cast: Ensorcelled Hiber |    18 |     4 ||    22
       Confuse           |       |     1 ||     1
  Use: Scroll            |       |     1 ||     1
 Stab: Sleeping          |    17 |     2 ||    19
       Distracted        |       |     1 ||     1
Armor: Robe              |    19 |     1 ||    20
Dodge: Dodged            |   120 |    56 ||   176
Block: Buckler           |       |    17 ||    17
